Map: [ESL] Oceanborn

Players

SKillous - Winner!

  • Race: Protoss Protoss
  • Spawn Location: 5:00

ShoWTimE

  • Race: Protoss Protoss
  • Spawn Location: 11:00

Event: ESL SC2 Masters 2023 Winter (Regional)

VOD

Have the link to the VOD?

Description

Time

  • Played on: Oct. 28, 2023, 10:18 a.m.
  • Length: 14:55

All games in this series

Show
View Real Time Build Order
Export as new Build Order

SKillous Protoss - Winner!

Build Orders: Oracle Opening 

Get SALT Encoding   

  12  0:00  Probe  
  13  0:12  Probe  
  14  0:17  Pylon  
  14  0:24  Probe  
  15  0:35  Gateway  
  15  0:36  Probe (Chrono Boost)  
  16  0:46  Assimilator, Probe (Chrono Boost)  
  17  0:51  Probe (Chrono Boost)  
  17  0:54  Assimilator  
  18  1:03  Probe (Chrono Boost)  
  19  1:09  Gateway  
  19  1:13  Probe (Chrono Boost)  
  19  1:17  Probe (Chrono Boost)  
  20  1:22  Cybernetics Core  
  21  1:29  Probe  
  22  1:33  Pylon  
  22  1:41  Probe  
  23  1:53  Probe  
  24  1:59  Stalker x2  
  24  2:01  Warp Gate  
  28  2:09  Pylon  
  28  2:16  Pylon  
  28  2:24  Stargate  
  28  2:44  Nexus  
  28  2:48  Probe  
  29  3:01  Shield Battery  
  29  3:02  Probe  
  29  3:05  Oracle (Chrono Boost)  
  33  3:14  Probe  
  33  3:18  Pylon  
  34  3:26  Shield Battery, Probe  
  35  3:32  Oracle (Chrono Boost)  
  38  3:38  Probe  
  39  3:47  Twilight Council  
  39  3:49  Stalker  
  39  3:50  Probe  
  39  3:55  Stalker  
  44  3:58  Probe (Chrono Boost)  
  46  4:02  Probe (Chrono Boost)  
  46  4:14  Probe x2 (Chrono Boost)  
  48  4:19  Stalker  
  48  4:22  Probe (Chrono Boost), Stalker  
  48  4:23  Probe (Chrono Boost)  
  54  4:30  Probe (Chrono Boost)  
  54  4:31  Probe (Chrono Boost)  
  52  4:32  Blink (Chrono Boost)  
  53  4:41  Probe  
  53  4:43  Pylon  
  55  4:48  Stalker  
  56  4:56  Nexus  
  56  5:03  Gateway  
  56  5:06  Gateway  
  56  5:07  Probe  
  56  5:09  Probe  
  56  5:13  Shield Battery  
  58  5:16  Stalker  
  58  5:18  Sentry  
  58  5:19  Probe  
  63  5:22  Probe  
  63  5:24  Pylon  
  63  5:28  Assimilator  
  64  5:32  Probe  
  64  5:34  Forge  
  65  5:36  Probe  
  65  5:40  Stalker  
  68  5:49  Stalker  
  68  5:57  Shield Battery, Probe  
  67  5:58  Probe  
  67  6:00  Stalker  
  67  6:03  Stalker  
  73  6:04  Stalker  
  73  6:09  Probe  
  73  6:10  Probe  
  76  6:12  Probe  
  76  6:15  Stalker  
  78  6:21  Probe (Chrono Boost)  
  78  6:24  Probe x2 (Chrono Boost)  
  81  6:27  Stalker x2  
  81  6:30  Protoss Ground Weapons Level 1 (Chrono Boost)  
  83  6:33  Probe (Chrono Boost)  
  83  6:36  Probe (Chrono Boost)  
  83  6:39  Probe (Chrono Boost)  
  85  6:40  Probe (Chrono Boost)  
  85  6:41  Probe (Chrono Boost)  
  85  6:46  Probe  
  88  6:47  Stalker  
  88  6:48  Probe  
  88  6:50  Assimilator, Probe  
  92  6:54  Pylon  
  92  6:55  Pylon  
  92  6:58  Probe  
  92  7:00  Robotics Facility  
  93  7:12  Probe x3  
  96  7:16  Nexus  
  96  7:18  Pylon  
  96  7:21  Charge  
  96  7:22  Pylon  
  96  7:28  Gateway  
  96  7:30  Gateway  
  96  7:36  Stalker x4  
  100  7:38  Gateway  
  100  7:43  Gateway  
  96  7:45  Probe  
  96  7:47  Shield Battery  
  96  7:48  Observer (Chrono Boost)  
  99  7:51  Probe x2  
  100  7:58  Probe  
  100  8:00  Stalker x4  
  100  8:01  Shield Battery  
  100  8:02  Pylon  
  100  8:04  Probe  
  110  8:05  Observer (Chrono Boost)  
  111  8:14  Protoss Ground Weapons Level 2 (Chrono Boost), Probe  
  112  8:23  Warp Prism (Chrono Boost), Stalker  
  112  8:26  Stalker  
  118  8:31  Probe  
  119  8:34  Pylon  
  119  8:36  Stalker x2  
  119  8:37  Zealot x2  
  127  8:42  Pylon  
  127  8:45  Stalker x2  
  131  8:51  Stalker  
  133  9:00  Zealot x5  
  133  9:08  Shield Battery  
  133  9:09  Stalker x2  
  124  9:11  Observer  
  124  9:15  Gateway, Stalker  
  126  9:18  Gateway  
  126  9:20  Stalker x4  
  126  9:21  Zealot  
  136  9:33  Stalker x2  
  136  9:37  Pylon  
  140  9:39  Pylon  
  140  9:42  Stalker x2  
  140  9:43  Zealot x4  
  140  9:45  Shield Battery  
  144  9:58  Zealot x2  
  148  10:03  Zealot x4  
  152  10:08  Stalker x2  
  140  10:14  Zealot x2  
  140  10:18  Zealot x2  
  132  10:23  Zealot x3  
  132  10:24  Zealot  
  124  10:28  Gateway  
  124  10:32  Zealot x3  
  122  10:38  Stalker  
  122  10:39  Stalker x2  
  124  10:44  Stalker x4  
  126  10:53  Stalker x3  
  126  11:00  Protoss Ground Weapons Level 3 (Chrono Boost)  
  126  11:01  Stalker  
  126  11:02  Stalker x2  
  132  11:13  Zealot x6  
  138  11:33  Stalker x2  
  138  11:34  Zealot x9  
  138  11:36  Pylon  
  160  11:41  Shield Battery  
  160  11:43  Shield Battery  
  160  11:47  Shield Battery, Pylon  
  148  11:55  Stalker x2  
  148  11:56  Zealot x3, Stalker x2  
  148  11:59  Stalker  
  148  12:00  Zealot  
  164  12:08  Stalker  
  161  12:09  Stalker  
  163  12:17  Zealot x3  
  163  12:20  Zealot x5  
  151  12:23  Zealot  
  139  12:32  Stalker x2  
  121  12:39  Stalker x3  
  121  12:40  Zealot x3  
  129  12:47  Zealot x2, Stalker  
  135  12:57  Zealot, Stalker x2  
  139  13:00  Shield Battery  
  139  13:02  Stalker  
  139  13:04  Zealot x2  
  145  13:10  Stalker x2  
  149  13:17  Zealot x2  
  149  13:18  Zealot x2  
  153  13:22  Zealot x2  
  153  13:24  Zealot x2  
  153  13:31  Zealot  
  119  13:38  Stalker x2  
  119  13:39  Zealot, Stalker x2  
  107  13:48  Warp Prism (Chrono Boost)  
  107  13:53  Stalker x3  
  115  13:56  Stalker  
  113  14:10  Stalker x4  
  113  14:11  Zealot, Stalker  
  113  14:15  Stalker  
  126  14:37  Zealot x7, Stalker x3  
  140  14:46  Zealot  
Show
View Real Time Build Order
Export as new Build Order

ShoWTimE Protoss 

Build Orders: Phoenix Opening, Blink Stalkers 

Get SALT Encoding   

  12  0:00  Probe  
  13  0:12  Probe  
  14  0:17  Pylon  
  14  0:24  Probe (Chrono Boost)  
  15  0:35  Gateway  
  15  0:36  Probe (Chrono Boost)  
  16  0:44  Probe (Chrono Boost)  
  16  0:45  Assimilator  
  17  0:51  Probe  
  17  0:54  Assimilator  
  18  1:03  Probe (Chrono Boost)  
  19  1:06  Gateway  
  19  1:13  Probe (Chrono Boost)  
  19  1:18  Probe (Chrono Boost)  
  20  1:22  Cybernetics Core  
  21  1:29  Probe  
  22  1:34  Pylon  
  22  1:41  Probe  
  23  1:53  Probe  
  24  1:56  Warp Gate (Chrono Boost)  
  24  1:58  Adept  
  24  1:59  Adept  
  28  2:05  Probe  
  29  2:13  Pylon  
  29  2:28  Stalker  
  31  2:31  Stalker  
  33  2:52  Nexus  
  33  2:56  Probe  
  34  3:00  Sentry x2  
  38  3:07  Pylon  
  38  3:09  Probe  
  39  3:20  Twilight Council  
  39  3:25  Probe  
  40  3:32  Phoenix  
  40  3:37  Probe  
  40  3:38  Stalker x2  
  43  3:48  Blink (Chrono Boost)  
  41  3:50  Probe  
  42  4:01  Stalker  
  42  4:02  Probe  
  45  4:04  Probe  
  46  4:11  Stalker  
  46  4:14  Probe  
  46  4:16  Probe  
  50  4:22  Pylon  
  50  4:26  Probe  
  50  4:28  Probe  
  50  4:38  Probe  
  51  4:40  Probe, Stalker  
  51  4:41  Stalker  
  56  4:47  Gateway  
  56  4:50  Probe  
  58  4:52  Probe  
  58  5:02  Shield Battery, Probe  
  58  5:04  Probe  
  60  5:07  Stalker x2  
  60  5:12  Pylon  
  64  5:17  Probe x2  
  66  5:28  Nexus  
  66  5:32  Stalker  
  66  5:35  Stalker  
  70  5:51  Stalker  
  70  5:56  Stalker  
  74  5:57  Probe x2  
  74  6:00  Forge  
  74  6:01  Robotics Facility  
  74  6:02  Pylon  
  76  6:06  Assimilator  
  76  6:08  Pylon  
  76  6:11  Stalker  
  76  6:13  Pylon  
  78  6:20  Probe x2  
  78  6:22  Stalker x2  
  84  6:31  Protoss Ground Weapons Level 1 (Chrono Boost)  
  84  6:32  Probe x2  
  86  6:44  Charge  
  86  6:45  Probe (Chrono Boost)  
  86  6:46  Probe x2 (Chrono Boost)  
  87  6:50  Shield Battery  
  87  6:51  Observer  
  89  6:55  Gateway, Probe x3 (Chrono Boost)  
  89  7:00  Probe x3 (Chrono Boost)  
  91  7:04  Gateway  
  94  7:10  Pylon  
  94  7:11  Probe  
  94  7:12  Probe x2  
  97  7:15  Assimilator  
  97  7:17  Observer  
  97  7:22  Stalker x2  
  102  7:23  Probe  
  102  7:27  Gateway  
  102  7:28  Gateway  
  103  7:37  Gateway, Pylon  
  103  7:38  Immortal  
  103  7:39  Gateway  
  103  7:44  Phoenix  
  103  7:49  Gateway  
  107  7:53  Templar Archives  
  107  7:55  Zealot x3  
  113  8:02  Pylon  
  113  8:10  Pylon  
  113  8:12  Nexus  
  113  8:14  Immortal  
  113  8:18  Pylon  
  117  8:22  Zealot x2  
  117  8:23  Protoss Ground Weapons Level 2 (Chrono Boost)  
  121  8:27  Pylon  
  121  8:28  Pylon  
  121  8:39  Zealot x2  
  121  8:40  Zealot x3  
  131  8:54  Zealot x4  
  131  8:55  Warp Prism (Chrono Boost)  
  133  9:09  Zealot x5  
  137  9:17  High Templar x4  
  137  9:21  Archon x2  
  146  9:24  Probe x4  
  146  9:29  Zealot x5  
  159  9:35  Gateway  
  159  9:46  Shield Battery  
  159  9:47  Pylon  
  159  9:52  Zealot x6  
  171  10:03  Stalker x2  
  169  10:08  Zealot  
  158  10:14  Zealot x6  
  158  10:16  Immortal (Chrono Boost)  
  134  10:34  Zealot x4  
  128  10:39  Stalker x2  
  128  10:41  Probe  
  128  10:42  Probe  
  132  10:43  Protoss Ground Weapons Level 3 (Chrono Boost)  
  132  10:44  Probe  
  132  10:48  Immortal  
  131  10:54  Probe x3  
  130  10:59  Stalker  
  130  11:02  High Templar x2  
  136  11:08  Archon  
  136  11:10  Stalker x3  
  142  11:14  Probe x3  
  145  11:21  Zealot x2, Photon Cannon  
  148  11:26  Zealot x2  
  148  11:27  Warp Prism  
  148  11:29  Zealot  
  153  11:36  High Templar x2  
  153  11:38  Probe  
  158  11:40  Archon, Shield Battery  
  158  11:42  Zealot x4  
  158  11:43  Zealot  
  162  11:51  Photon Cannon  
  162  11:52  Pylon  
  154  11:56  Zealot x3  
  160  12:06  Zealot x5  
  152  12:27  Stalker x4  
  152  12:29  Zealot x5  
  148  12:30  Zealot  
  136  12:39  Probe x3  
  135  12:49  Zealot x2  
  135  12:50  Zealot x7  
  153  12:52  Pylon  
  153  12:53  High Templar  
  151  13:06  Nexus  
  151  13:07  High Templar x2  
  151  13:08  High Templar, Zealot x2  
  151  13:12  Archon x2  
  161  13:16  Warp Prism (Chrono Boost)  
  157  13:23  Zealot x4  
  149  13:31  Zealot x3  
  127  13:39  Zealot x2  
  115  13:45  High Templar x3  
  103  13:50  High Templar, Archon  
  103  13:54  Zealot x4  
  103  13:55  Archon  
  107  13:59  Stalker x2  
  99  14:12  Probe x2  
  99  14:16  Stalker x3  
  107  14:18  Zealot x2  
  107  14:19  Zealot x2  
  115  14:31  Zealot x3  
  112  14:40  Zealot  
  112  14:42  Zealot x6  
Tags
 
Add a new tag
Caveats
  • Supply blocks, unpowered buildings, or Contaminate may cause inaccurate times.
  • Supply counts are checked every 10 seconds.